 Dungeon Crawl Stone Soup version 0.19.0-2-gae57169 (webtiles) character file.

111 Protoboi the Ruffian (level 4, -1/28 (37) HPs)
             Began as a Ghoul Gladiator on Nov 2, 2016.
             Slain by a gnoll (6 damage)
             ... on level 3 of the Dungeon.
             The game lasted 00:07:04 (2343 turns).

Protoboi the Ruffian (Ghoul Gladiator)              Turns: 2343, Time: 00:07:04

HP:   -1/28 (37)    AC:  6    Str: 19    XL:     4   Next: 92%
MP:   3/3           EV: 12    Int:  3    God:
Gold: 59            SH:  0    Dex:  9    Spells: 0 memorised, 3 levels left

rFire  . . .     SeeInvis .       - Unarmed
rCold  + . .     Gourm    .     d - +0 ring mail
rNeg   + + +     Faith    .     (no shield)
rPois  ∞         Spirit   .     b - +0 helmet
rElec  .         Reflect  .     (no cloak)
rCorr  .         Harm     .     (no gloves)
MR     .....                    (no boots)
Stlth  ..........               (no amulet)
                                (no ring)
                                (no ring)

@: rotting
A: rotting body, claws 1, carnivore 3, cold resistance 1, negative energy
resistance 3, slow regeneration 1, torment resistance, unbreathing
a: no special abilities


You were on level 3 of the Dungeon.
You were very hungry.

You visited 1 branch of the dungeon, and saw 3 of its levels.

You collected 59 gold pieces.

Inventory:

Hand Weapons
 q - a +0 mace
Missiles
 c - 3 throwing nets (quivered)
Armour
 a - a +0 leather armour
 b - a +0 helmet (worn)
 d - a +0 ring mail (worn)
Wands
 u - a wand of acid (7/15)
Scrolls
 f - 4 scrolls of identify {unknown}
 i - a scroll of fog {unknown}
 k - a scroll of amnesia {unknown}
 l - a scroll of random uselessness {unknown}
 p - 2 scrolls of teleportation {unknown}
 t - a scroll of fear {unknown}
Potions
 e - a potion of mutation {unknown}
 h - a potion of haste
 j - a potion of lignification {unknown}
 m - a potion of curing {unknown}
 o - 2 potions of heal wounds {unknown}
 s - a potion of agility {unknown}
Books
 n - a book of Cantrips

   Spells                             Type                      Level
   a - Confusing Touch                Hexes                        1
   b - Animate Skeleton               Necromancy                   1
   c - Summon Small Mammal            Summoning                    1
   d - Apportation                    Translocation                1
Comestibles
 g - 4 fruits
 r - 3 bread rations


   Skills:
 + Level 2.3 Fighting
 + Level 1.8 Throwing
 + Level 1.4 Armour
 + Level 3.6 Dodging
 + Level 4.6 Unarmed Combat


You had 3 spell levels left.
You didn't know any spells.

Dungeon Overview and Level Annotations

Branches:
Dungeon (3/15)

Altars:
Okawaru


Innate Abilities, Weirdness & Mutations

Your body is rotting away.
You thrive on raw meat.
You are immune to poison.
You have sharp fingernails.
You are carnivorous and can eat meat at any time.
Your flesh is cold resistant. (rC+)
You are immune to negative energy. (rN+++)
You regenerate slowly when monsters are visible.
You are immune to unholy pain and torment.
You can survive without breathing.


Message History

You scratch the gnoll.
The gnoll is moderately wounded.
You scratch the gnoll.
The gnoll is heavily wounded.
The gnoll closely misses you. The gnoll barely misses you.
You closely miss the gnoll.
The gnoll is heavily wounded.
The gnoll hits you. The gnoll hits you with a whip.
You claw the gnoll!
You kill the gnoll!
The gnoll hits you but does no damage. The gnoll misses you.
The gnoll hits you but does no damage. The gnoll hits you with a halberd!
* * * LOW HITPOINT WARNING * * *
You see here a whip.
The gnoll barely misses you.
The gnoll hits you from afar with a halberd.
* * * LOW HITPOINT WARNING * * *
The gnoll closely misses you. The gnoll hits you.
You die...

##..# ###.. .(... ##.####
##... .....
#....###..##########.....
######..##......##.........
......(.>...................
########..........>.....##..
##†..............#
#######..............#
.....##..@...........#
#....g............#
#.....g†.<...[.)..#
#.................+
#..........##.....#
#........<.##.#...#
#..........##.###.#
#..........##.# .#
#..........##.# .#


You could see 2 gnolls.

Vanquished Creatures
  Crazy Yiuf (D:2)
  A gnoll (D:3)
  An adder (D:3)
  An ooze (D:1)
  3 worms (D:2)
  A dart slug (D:1)
  3 leopard geckos
  A giant cockroach (D:1)
  4 goblins
  8 hobgoblins
  9 kobolds
  7 bats
  3 frilled lizards
  6 rats
49 creatures vanquished.

Notes
Turn   | Place    | Note
-------+----------+-------------------------------------------
     0 | D:1      | Protoboi the Ghoul Gladiator began the quest for the Orb.
     0 | D:1      | Reached XP level 1. HP: 17/17 MP: 0/0
   240 | D:1      | Reached XP level 2. HP: 24/24 MP: 1/1
   523 | D:1      | Reached XP level 3. HP: 22/29 MP: 2/2
   673 | D:1      | Reached skill level 4 in Unarmed Combat
  1284 | D:2      | Found an iron altar of Okawaru.
  1770 | D:2      | Found a runed door.
  1774 | D:2      | Noticed Crazy Yiuf
  1781 | D:2      | Killed Crazy Yiuf
  1781 | D:2      | Reached skill level 1 in Armour
  1781 | D:2      | Reached XP level 4. HP: 9/31 MP: 3/3
  2343 | D:3      | Slain by a gnoll

Skill      XL: |  1  2  3 |
---------------+----------+-----
Dodging        | 3 |  3.6
Unarmed Combat | 4 |  4.6
Armour         | 1 |  1.4
Fighting       | |  2.3
Throwing       | |  1.8

Action                   |  1- 3 |  4- 6 || total
-------------------------+-------+-------++-------
Melee: Unarmed           |   133 |    44 ||   177
       Punch             |     2 |     1 ||     3
  Eat: Meat ration       |     2 |       ||     2
Armor: Leather armour    |    24 |       ||    24
       Ring mail         |    11 |    35 ||    46
Dodge: Dodged            |    69 |    74 ||   143
